 Dungeon Crawl Stone Soup version 0.30-a0-782-ge64f9170bb (webtiles) character file.

Game seed: 7014048973337269838

71 browni3141 the Trooper (level 4, -10/35 HPs)
             Began as a Demonspawn Wanderer on Feb 19, 2023.
             Mangled by a gnoll
             ... wielding a +2 flail of holy wrath
              (13 damage)
             ... on level 3 of the Dungeon.
             The game lasted 00:02:46 (1908 turns).

browni3141 the Trooper (Demonspawn Wanderer)        Turns: 1908, Time: 00:02:47

Health: -10/35     AC:  5    Str: 14    XL:     4   Next: 5%
Magic:  4/4        EV: 10    Int: 12    God:
Gold:   177        SH:  0    Dex: 14    Spells: 3/3 levels left

rFire   . . .      SeeInvis .    a - +2 dagger
rCold   . . .      Faith    .    (no shield)
rNeg    . . .      Spirit   .    i - +0 ring mail
rPois   .          Reflect  .    (no helmet)
rElec   .          Harm     .    (no cloak)
rCorr   .          Rampage  .    (no gloves)
Will    .....                    (no boots)
Stlth   +                        (no amulet)
HPRegen 0.25/turn                p - +5 ring of evasion
MPRegen 0.09/turn                (no ring)

@: held
A: claws 1, powered by pain 1
a: no special abilities


You were on level 3 of the Dungeon.
You visited 1 branch of the dungeon, and saw 3 of its levels.

You collected 177 gold pieces.

Inventory:

Hand Weapons
 a - a +2 dagger (weapon)
 c - a +0 hand axe
Missiles
 b - 2 curare-tipped darts (quivered)
 h - 2 poisoned darts
 r - a throwing net
Armour
 f - a +0 robe
 i - a +0 ring mail (worn)
Jewellery
 p - a +5 ring of evasion (left claw)
Wands
 d - a wand of flame (4)
Scrolls
 e - 2 scrolls of blinking
 j - a scroll of enchant weapon
 k - 2 scrolls of amnesia
 l - 2 scrolls of poison {unknown}
 o - a scroll of identify
 q - a scroll of silence {unknown}
Potions
 g - a potion of berserk rage
 m - 4 potions of curing {unknown}
 n - a potion of lignification {unknown}


   Skills:
 * Level 3.4 Fighting
 - Level 3.0 Axes
 - Level 1.7 Throwing
 - Level 1.0 Armour
 - Level 1.0 Stealth
 - Level 1.2 Invocations
 - Level 2.0 Evocations


You had 3 spell levels left.
You didn't know any spells.
Your spell library contained the following spells:

 Spells                   Type           Power      Damage    Failure   Level
 Magic Dart               Conj           0%         1d3       56%         1
 Call Imp                 Summ           0%         N/A       71%         2
 Dazzling Flash           Conj/Hex       0%         N/A       90%         3
 Mephitic Cloud           Conj/Pois/Air  0%         N/A       90%         3
 Iskenderun's Mystic Bla  Conj/Tloc      0%         2d3       100%        4
 Starburst                Conj/Fire      0%         6d3       100%        6


Dungeon Overview and Level Annotations

Branches:
Dungeon (3/15)

Altars:
Uskayaw


Innate Abilities, Weirdness & Mutations

You have sharp fingernails.
You sometimes gain a little power by taking damage.


Message History

The gnoll barely misses you.
You hit the gnoll.
The gnoll is heavily wounded.
The gnoll hits you from afar with a +0 halberd!
The gnoll hits you with a +0 club. The gnoll attacks as you move away!
The gnoll hits you but does no damage.
You throw a curare-tipped dart. The curare-tipped dart hits the gnoll.
The gnoll is poisoned.
The gnoll convulses.
The gnoll seems to slow down.
The gnoll is heavily wounded.
Unknown command.
Aiming: Throw Flame
Press: ? - help, Shift-Dir - straight line, f/p - gnoll
Aim: a gnoll, wielding a +0 halberd (heavily wounded, very poisoned, slow, 75% to hit)
The puff of flame hits the gnoll.
The gnoll is almost dead.
You kill the gnoll!
You have reached level 4!
You feel stronger.
Unknown command.
You throw a curare-tipped dart.
The curare-tipped dart barely misses the gnoll.
Aiming: Throw Flame
Press: ? - help, Shift-Dir - straight line, f - gnoll
Aim: a gnoll, wielding a +0 club (heavily wounded, 75% to hit)
The puff of flame hits the gnoll.
The gnoll is severely wounded.
You hit the gnoll.
The gnoll is severely wounded.
The gnoll throws a throwing net.
The throwing net hits you.
You become entangled in the net!
You struggle against the net.
The gnoll barely misses you.
You struggle against the net.
The gnoll hits you with a +0 club.
The gnoll hits you with a +2 flail of holy wrath!
* * * LOW HITPOINT WARNING * * *
You convulse.
* * * LOW HITPOINT WARNING * * *
You struggle against the net.
The gnoll hits you with a +0 club.
* * * LOW HITPOINT WARNING * * *
The gnoll hits you with a +2 flail of holy wrath!
You die...

...................
######....#.#######
#....#
#########...##
#.......##.## #
#.##.# # #.
####†##.###.#
#.##.##...........#
#......g@.....#####
.......g##.####
..$........#
#.#####(#### #)###
#...# # #...g# ##
....#.... ##.
........##.# ##..


You could see 2 gnolls.

Vanquished Creatures
  A gnoll (D:3)
  An adder (D:2)
  2 worms (D:3)
  3 dart slugs (D:1)
  4 endoplasms
  2 giant cockroaches
  3 hobgoblins
  4 jackals (D:1)
  4 quokkas
  4 ball pythons
  4 bats (D:1)
  2 frilled lizards
  3 kobolds
  2 rats (D:1)
39 creatures vanquished.

Notes
Turn   | Place    | Note
-------+----------+-------------------------------------------
     0 | D:1      | browni3141 the Demonspawn Wanderer began the quest for the
                  | Orb.
     0 | D:1      | browni3141 set off with the following items: a +2 dagger, 4
                  | curare-tipped darts, a +0 hand axe, a wand of flame (6), a
                  | scroll of blinking, a +0 robe.
     0 | D:1      | Reached XP level 1. HP: 13/13 MP: 1/1
    29 | D:1      | Reached skill level 1 in Fighting
    50 | D:1      | Gained mutation: You sometimes gain a little power by
                  | taking damage. [demonic ancestry]
    50 | D:1      | Reached XP level 2. HP: 22/22 MP: 2/2
   480 | D:1      | Gained mutation: You have sharp fingernails. [demonic
                  | ancestry]
   480 | D:1      | Reached XP level 3. HP: 22/27 MP: 3/3
  1674 | D:3      | Found a hide-covered altar of Uskayaw.
  1901 | D:3      | Reached XP level 4. HP: 21/35 MP: 4/4
  1908 | D:3      | Mangled by a gnoll

Illustrated notes

Levels and vault maps discovered:
D:1:      dpeg_arrival_short_road, layout_loops_cross, serial_park_tiny_2
D:2:      layout_loops_ring, st_stairs_5, amcnicky_mini_rare_corridor_liquid
D:3:      layout_loops_ring, pf_just_have_faith

Skill      XL: |  1  2  3 |
---------------+----------+-----
Fighting       | 1 2 3 |  3.4
Axes           | 3 |  3.0
Throwing       | |  1.7
Armour         | |  1.0
Stealth        | |  1.0
Invocations    | |  1.2
Evocations     | |  2.0

Action                     |  1- 3 |  4- 6 || total
---------------------------+-------+-------++-------
  Melee: Dagger            |   153 |     1 ||   154
  Throw: Dart              |     1 |     1 ||     2
  Evoke: Wand              |     1 |     1 ||     2
    Use: Scroll            |     3 |       ||     3
   Stab: Sleeping          |     5 |       ||     5
 Armour: Robe              |    14 |       ||    14
         Ring mail         |    12 |       ||    12
  Dodge: Dodged            |    96 |     1 ||    97

Table legend: (Time is in decaauts)
 A = Elapsed time spent in this place.
 B = Non-inter-level travel time spent in this place.
 C = Inter-level travel time spent in this place.
 D = Time resting spent in this place.
 E = Time spent auto-exploring this place.
 F = Levels seen in this place.
 G = Mean time per level.
                   A        B        C        D        E       F      G
               +--------+--------+--------+--------+--------+-----+--------+
         Total |   1906 |   1888 |     18 |     77 |   1462 |   3 |  635.3 |
       Dungeon |   1906 |   1888 |     18 |     77 |   1462 |   3 |  635.3 |
               +--------+--------+--------+--------+--------+-----+--------+

Top non-repeatable levels by time:
     D:1: 868 daAuts
     D:2: 712 daAuts
     D:3: 326 daAuts
